 Dungeon Crawl Stone Soup version 0.29-a0-97-g88c9fad16d (webtiles) character file.

Game seed: 9498269552134232826

22 drugrobin the Poker (level 2, 11/24 HPs)
             Began as a Demigod Warper on Feb 13, 2022.
             Quit the game on level 1 of the Dungeon.
             The game lasted 00:01:45 (868 turns).

drugrobin the Poker (Demigod Warper)                 Turns: 868, Time: 00:01:46

Health: 11/24      AC:  3    Str: 12    XL:     2   Next: 51%
Magic:  7/7        EV: 11    Int: 15    God:
Gold:   23         SH:  0    Dex: 13    Spells: 4/4 levels left

rFire   . . .      SeeInvis .   a - +0 spear
rCold   . . .      Faith    .   (no shield)
rNeg    . . .      Spirit   .   b - +0 leather armour
rPois   .          Reflect  .   (no helmet)
rElec   .          Harm     .   (no cloak)
rCorr   .          Rampage  .   (no gloves)
Will    .....                   (no boots)
Stlth   +.........              (no amulet)
HPRegen 0.08/turn               (no ring)
MPRegen 0.10/turn               (no ring)

@: no status effects
A: high MP 1, forlorn, divine attributes
a: no special abilities


You were on level 1 of the Dungeon.
You visited 1 branch of the dungeon, and saw 1 of its levels.

You collected 23 gold pieces.

Inventory:

Hand Weapons
 a - a +0 spear (weapon)
Missiles
 d - 5 boomerangs of dispersal (quivered)
 g - 13 arrows
Armour
 b - a +0 leather armour (worn)
Jewellery
 i - an amulet of regeneration
Scrolls
 c - a scroll of blinking
 e - a scroll of holy word {unknown}
 f - a scroll of teleportation {unknown}
Potions
 h - a potion of degeneration {unknown}


   Skills:
 - Level 1.7 Fighting
 + Level 3.0 Polearms
 - Level 0.8 Throwing
 - Level 0.8 Armour
 - Level 1.7 Dodging
 - Level 1.7 Spellcasting
 - Level 2.6 Translocations


You had 4 spell levels left.
You didn't know any spells.
Your spell library contained the following spells:

 Spells                   Type           Power      Damage    Failure   Level
 Blink                    Tloc           18%        N/A       14%         2
 Gell's Gravitas          Tloc           9%         N/A       28%         3
 Lesser Beckoning         Tloc           9%         N/A       28%         3
 Teleport Other           Tloc           9%         N/A       28%         3
 Manifold Assault         Tloc           9%         N/A       95%         5


Dungeon Overview and Level Annotations

Branches:
Dungeon (1/15)


Innate Abilities, Weirdness & Mutations

You have an increased reservoir of magic. (+10% MP)
You shall have no god before yourself.
Your divine heritage dramatically boosts your attributes as you level up.


Message History

The hobgoblin barely misses you.
Unknown command.
Unknown command.
Reach: a) +0 spear
Press: ? - help, Dir - move target, f/p - ball python
Aim: a ball python (about 43% to evade your +0 spear)
The hobgoblin is in the way.
You hit the hobgoblin.
You kill the hobgoblin!
Unknown command.
Reach: a) +0 spear
Press: ? - help, Dir - move target, f/p - ball python
Aim: a ball python (about 43% to evade your +0 spear)
You hit the ball python.
You kill the ball python!
Unknown command.
Unknown command.
Reach: a) +0 spear
Press: ? - help, Dir - move target, f - goblin
Aim: a goblin, wielding a +0 dagger (about 47% to evade your +0 spear)
You reach to attack!
You closely miss the goblin. The kobold misses you.
Unknown command.
Unknown command.
Reach: a) +0 spear
Press: ? - help, Dir - move target, f/p - goblin
Aim: a goblin, wielding a +0 dagger (about 47% to evade your +0 spear)
The kobold is in the way.
You hit the kobold.
You kill the kobold!
Your Polearms skill increases to level 3!
Unknown command.
Unknown command.
You hit the goblin.
You kill the goblin!
i - an amulet of regeneration You now have 23 gold pieces (gained 4).
There is an open door here.
Items here: )) ††††.
Okay, then.
Okay, then.
Unknown command.
Are you sure you want to abandon this character and quit the game? (Confirm with "yes".)

#
+.............#$..
# #.............#
.. #
####.........?g..#
. #
#..........#.....#
#
#..........#.....#
#
#..........#######
# +....÷.....#
#####+###
#..........#
##......#
####+#@#######
##......###....#.#
##......#....###.#
##...[..#.#..#...#
##......#.#....###
........'.##.###
.##.....####.#
'##.....+.##.#
..).....#.##..


There were no monsters in sight!

Vanquished Creatures
  4 ball pythons (D:1)
  A bat (D:1)
  2 endoplasms (D:1)
  A giant cockroach (D:1)
  A goblin (D:1)
  3 hobgoblins (D:1)
  A quokka (D:1)
  2 frilled lizards (D:1)
  4 kobolds (D:1)
  A rat (D:1)
20 creatures vanquished.

Notes
Turn   | Place    | Note
-------+----------+-------------------------------------------
     0 | D:1      | drugrobin the Demigod Warper began the quest for the Orb.
     0 | D:1      | Reached XP level 1. HP: 17/17 MP: 5/5
    30 | D:1      | Reached skill level 2 in Polearms
   407 | D:1      | Reached XP level 2. HP: 19/24 MP: 7/7
   865 | D:1      | Reached skill level 3 in Polearms
   868 | D:1      | Quit the game

Illustrated notes

Levels and vault maps discovered:
D:1:      zaba_arrival_water, layout_basic

Skill      XL: |  1  2 |
---------------+-------+-----
Polearms       | 2 3 |  3.0
Fighting       | |  1.7
Throwing       | |  0.8
Armour         | |  0.8
Dodging        | |  1.7
Spellcasting   | |  1.7
Translocations | |  2.6

Action                   || total
-------------------------++-------
Melee: Spear             ||    97
       Punch             ||     1
Throw: Stone             ||     1
Armor: Leather armour    ||    24
Dodge: Dodged            ||    37

Table legend: (Time is in decaauts)
 A = Elapsed time spent in this place.
 B = Non-inter-level travel time spent in this place.
 C = Inter-level travel time spent in this place.
 D = Time resting spent in this place.
 E = Time spent auto-exploring this place.
 F = Levels seen in this place.
 G = Mean time per level.
                   A        B        C        D        E       F      G
               +--------+--------+--------+--------+--------+-----+--------+
         Total |    872 |    861 |     11 |    479 |    188 |   1 |  872.0 |
       Dungeon |    872 |    861 |     11 |    479 |    188 |   1 |  872.0 |
               +--------+--------+--------+--------+--------+-----+--------+

Top non-repeatable levels by time:
     D:1: 872 daAuts
